 Dungeon Crawl Stone Soup version 0.30-a0-341-g682706514a (webtiles) character file.

Game seed: 5915090523031583876

10 retardedninja the Trooper (level 2, 27/27 HPs)
             Began as a Hill Orc Fighter on Nov 2, 2022.
             Quit the game on level 1 of the Dungeon.
             The game lasted 00:01:14 (230 turns).

retardedninja the Trooper (Hill Orc Fighter)         Turns: 230, Time: 00:01:15

Health: 27/27      AC:  6    Str: 18    XL:     2   Next: 20%
Magic:  2/2        EV:  9    Int:  8    God:
Gold:   96         SH:  4    Dex: 10    Spells: 1/1 levels left

rFire   . . .      SeeInvis .    a - +0 war axe
rCold   . . .      Faith    .    c - +0 buckler
rNeg    . . .      Spirit   .    b - +0 scale mail
rPois   .          Reflect  .    (no helmet)
rElec   .          Harm     .    (no cloak)
rCorr   .          Rampage  .    (no gloves)
Will    .....                    (no boots)
Stlth   ..........               (no amulet)
HPRegen 0.24/turn                (no ring)
MPRegen 0.08/turn                (no ring)

@: no status effects
A: no striking features
a: no special abilities


You were on level 1 of the Dungeon.
You visited 1 branch of the dungeon, and saw 1 of its levels.

You collected 96 gold pieces.

Inventory:

Hand Weapons
 a - a +0 war axe (weapon)
Armour
 b - a +0 scale mail (worn)
 c - a +0 buckler (worn)
Scrolls
 h - 2 scrolls of identify {unknown}
Potions
 d - a potion of might
 e - a potion of attraction {unknown}
 f - 3 potions of curing {unknown}
 g - a potion of flight {unknown}


   Skills:
 + Level 3.8 Fighting
 + Level 3.0 Axes
 + Level 3.4 Armour
 + Level 3.4 Shields


You had one spell level left.
You didn't know any spells.
Your spell library was empty.

Dungeon Overview and Level Annotations

Branches:
Dungeon (1/15)

Altars:

Shops:
D:1 (=


Message History

No target in view!
Found 5 stones.
Found Qiuxiyr's Weapon Boutique.
You now have 17 gold pieces (gained 10).
You now have 24 gold pieces (gained 7).
You now have 38 gold pieces (gained 14).
You now have 48 gold pieces (gained 10).
You now have 60 gold pieces (gained 12).
You now have 77 gold pieces (gained 17).
There is an entrance to Qiuxiyr's Weapon Boutique here.
You now have 87 gold pieces (gained 10).
You now have 96 gold pieces (gained 9).
Search for what [? for help]? longblade Can't find anything matching that.
There's something in the way.
A frilled lizard comes into view.
The frilled lizard hisses angrily.
A frilled lizard is nearby!
You see here 5 stones.
The frilled lizard misses you.
You barely miss the frilled lizard.
The frilled lizard bites you but does no damage.
You block the frilled lizard's attack.
You hit the frilled lizard.
The frilled lizard is heavily wounded.
You block the frilled lizard's attack.
You hit the frilled lizard but do no damage.
The frilled lizard is heavily wounded.
The frilled lizard barely misses you.
The frilled lizard bites you but does no damage.
You closely miss the frilled lizard.
The frilled lizard is heavily wounded.
The frilled lizard barely misses you.
You hit the frilled lizard.
You kill the frilled lizard!
No target in view!
No target in view!
No target in view!
No target in view!
Are you sure you want to abandon this character and quit the game? (Confirm with "yes".)

.# .#. ..# ##... ...
.... .##.## ##..#
......####..!###
#..............
#...†......... ..#
#@...#### ..#
###(....# #.#
######...##.# #.#
#........##.#
#.####.##.###.##.####
# #.#....#..#
#.......#
#.#.#.###..##
##.∩..#.#
##.#...###.## #....#
#....##....# ######


There were no monsters in sight!

Vanquished Creatures
  2 ball pythons (D:1)
  An endoplasm (D:1)
  3 kobolds (D:1)
  A bat (D:1)
  2 frilled lizards (D:1)
9 creatures vanquished.

Notes
Turn   | Place    | Note
-------+----------+-------------------------------------------
     0 | D:1      | retardedninja the Hill Orc Fighter began the quest for the
                  | Orb.
     0 | D:1      | Reached XP level 1. HP: 19/19 MP: 1/1
    59 | D:1      | Found Yhuemoar's Jewellery Shop.
   147 | D:1      | Reached XP level 2. HP: 26/27 MP: 2/2
   195 | D:1      | Found Qiuxiyr's Weapon Boutique.
   230 | D:1      | Quit the game

Illustrated notes

Levels and vault maps discovered:
D:1:      ncdulo_smallfort, layout_rooms, serial_shops, shop_coins,
          nicolae_diamond_shop

Skill      XL: |  1  2 |
---------------+-------+-----
Axes           | 3 |  3.0
Fighting       | |  3.8
Armour         | |  3.4
Shields        | |  3.4

Action                   || total
-------------------------++-------
Melee: War axe           ||    34
Armor: Scale mail        ||    14
Dodge: Dodged            ||    14
Block: Buckler           ||     8

Table legend: (Time is in decaauts)
 A = Elapsed time spent in this place.
 B = Non-inter-level travel time spent in this place.
 C = Inter-level travel time spent in this place.
 D = Time resting spent in this place.
 E = Time spent auto-exploring this place.
 F = Levels seen in this place.
 G = Mean time per level.
                   A        B        C        D        E       F      G
               +--------+--------+--------+--------+--------+-----+--------+
         Total |    243 |    243 |      0 |      0 |    162 |   1 |  243.0 |
       Dungeon |    243 |    243 |      0 |      0 |    162 |   1 |  243.0 |
               +--------+--------+--------+--------+--------+-----+--------+

Top non-repeatable levels by time:
     D:1: 243 daAuts
